 Dungeon Crawl Stone Soup version 0.29-a0-275-g389c0b56f3 (webtiles) character file.

Game seed: 8982630604947440739

121 bjtr the Firebug (level 4, 0/30 HPs)
             Began as a Demonspawn Fire Elementalist on Mar 13, 2022.
             Killed from afar by Ijyb (6 damage)
             ... with a puff of flame
             ... on level 3 of the Dungeon.
             The game lasted 00:12:47 (3123 turns).

bjtr the Firebug (Demonspawn Fire Elementalist)     Turns: 3123, Time: 00:12:47

Health: 0/30       AC:  2    Str:  9    XL:     4   Next: 77%
Magic:  6/8        EV: 12    Int: 18    God:
Gold:   111        SH:  0    Dex: 13    Spells: 2/8 levels left

rFire   . . .      SeeInvis .   c - +0 hand axe
rCold   . . .      Faith    .   (no shield)
rNeg    . . .      Spirit   .   a - +0 robe
rPois   .          Reflect  .   (no helmet)
rElec   .          Harm     .   (no cloak)
rCorr   .          Rampage  .   (no gloves)
Will    .....                   (no boots)
Stlth   ++........              (no amulet)
HPRegen 0.10/turn               (no ring)
MPRegen 0.11/turn               (no ring)

@: very slightly contaminated
A: powered by death 2
a: no special abilities


You were on level 3 of the Dungeon.
You visited 1 branch of the dungeon, and saw 3 of its levels.

You collected 111 gold pieces.

Inventory:

Hand Weapons
 c - a +0 hand axe (weapon)
 e - a +0 hunting sling
 k - a +0 short sword
 n - a +0 dagger of venom
 q - a +0 flail
Missiles
 d - 8 poisoned darts
 g - 48 stones
Armour
 a - a +0 robe (worn)
 o - a +0 leather armour
 r - a +0 scale mail
Jewellery
 p - an amulet of faith
Scrolls
 f - 3 scrolls of teleportation
 h - a scroll of immolation
 j - 2 scrolls of blinking {unknown}
Potions
 i - a potion of attraction
 l - 2 potions of curing {unknown}
 m - a potion of heal wounds {unknown}
 s - a potion of berserk rage {unknown}


   Skills:
 - Level 1.7 Dodging
 - Level 1.7 Stealth
 + Level 2.9 Spellcasting
 + Level 1.9 Conjurations
 * Level 4.2 Fire Magic


You had 2 spell levels left.
You knew the following spells:

 Your Spells              Type           Power      Damage    Failure   Level
a - Foxfire               Conj/Fire      52%        2x1d6     4%          1
b - Scorch                Fire           36%        2d6       4%          2
c - Conjure Flame         Conj/Fire      13%        6-21      14%         3

Your spell library contained the following spells:

 Spells                   Type           Power      Damage    Failure   Level
 Inner Flame              Hex/Fire       10%        N/A       21%         3
 Flame Wave               Conj/Fire      13%        2d6       43%         4


Dungeon Overview and Level Annotations

Branches:
Dungeon (3/15)

Altars:
Uskayaw

Annotations:
D:3 Ijyb


Innate Abilities, Weirdness & Mutations

You regenerate health from kills.


Message History

A kobold comes into view. It is wielding a +0 short sword.
Casting: Foxfire (safe; 4% risk of failure)
Confirm with . or Enter, or press ? or * to list all spells.
Flames lash Ijyb.
Ijyb is moderately wounded.
Ijyb's fire resistance burns away.
The foxfire hits Ijyb.
Ijyb is moderately wounded.
The foxfire hits Ijyb.
Ijyb is moderately wounded.
Casting: Scorch (safe; 4% risk of failure)
Confirm with . or Enter, or press ? or * to list all spells.
Flames lash Ijyb but do no damage.
Ijyb hits you with a +4 dagger of speed.
Unknown command.
Casting: Scorch (safe; 4% risk of failure)
Confirm with . or Enter, or press ? or * to list all spells.
You conjure some foxfire!
Ijyb hits you with a +4 dagger of speed.
You hit Ijyb but do no damage.
Ijyb is moderately wounded.
Ijyb is no longer more vulnerable to fire.
The foxfire hits Ijyb.
Ijyb is moderately wounded.
The foxfire hits Ijyb but does no damage.
Ijyb is moderately wounded.
Ijyb hits you with a +4 dagger of speed. x2
Ijyb hits you with a +4 dagger of speed.
* * * LOW HITPOINT WARNING * * *
Ijyb hits you with a +4 dagger of speed.
* * * LOW HITPOINT WARNING * * *
Ijyb attacks as you move away! Ijyb barely misses you.
Ijyb zaps a wand.
The puff of flame misses you.
Ijyb zaps a wand.
The puff of flame misses you. Magic courses through your body.
Casting: Foxfire (safe; 4% risk of failure)
Confirm with . or Enter, or press ? or * to list all spells.
You miscast Scorch.
You are very lightly contaminated with residual magic.
Nothing appears to happen.
Ijyb zaps a wand.
The puff of flame hits you.
You die...

##.....#.# #..#.#.#.#
.$....#.. #......#
#......## #.###....$..#
##### #....#.....!#
#...#############.......#
#..........@.gK......>.##
#...###############...##
##.## #.## #.# .# ##.##
.. ##...## ## #####.[#..#
......###.# #####..#..#


You could see Ijyb and a kobold.

Vanquished Creatures
  Terence (D:2)
  2 adders (D:2)
  3 worms (D:2)
  A dart slug (D:2)
  8 bats
  An endoplasm (D:1)
  4 goblins
  4 hobgoblins
  20 jackals
  3 quokkas (D:2)
  3 ball pythons
  3 frilled lizards (D:1)
  4 kobolds
  4 rats
61 creatures vanquished.

Vanquished Creatures (collateral kills)
  2 foxfires (D:1)
2 creatures vanquished.

Vanquished Creatures (others)
  147 foxfires
  39 plants (D:1)
186 creatures vanquished.

Grand Total: 249 creatures vanquished

Notes
Turn   | Place    | Note
-------+----------+-------------------------------------------
     0 | D:1      | bjtr the Demonspawn Fire Elementalist began the quest for
                  | the Orb.
     0 | D:1      | Reached XP level 1. HP: 13/13 MP: 3/3
   352 | D:1      | Reached skill level 3 in Fire Magic
   352 | D:1      | Gained mutation: You regenerate a little health from kills.
                  | [demonic ancestry]
   352 | D:1      | Reached XP level 2. HP: 18/19 MP: 1/5
  1258 | D:1      | Gained mutation: You regenerate health from kills. [demonic
                  | ancestry]
  1258 | D:1      | Reached XP level 3. HP: 24/24 MP: 4/6
  1737 | D:2      | Found a hide-covered altar of Uskayaw.
  1907 | D:2      | Learned a level 2 spell: Scorch
  1911 | D:2      | Learned a level 3 spell: Conjure Flame
  2215 | D:2      | Reached XP level 4. HP: 22/30 MP: 1/7
  2491 | D:2      | Found a faded altar of an unknown god.
  2545 | D:2      | Reached skill level 4 in Fire Magic
  2834 | D:2      | Noticed Terence
  2870 | D:2      | Killed Terence
  3107 | D:3      | Noticed Ijyb
  3123 | D:3      | Killed from afar by Ijyb

Illustrated notes

Levels and vault maps discovered:
D:1:      amcnicky_arrival_wind_blow, layout_loops_ring, serial_bayou,
          serial_bayou_shore_a, serial_bayou_pond_a, serial_bayou_lake_a,
          serial_bayou_ford_a, corexii_item_surrounded_by_moat
D:2:      layout_basic, hellmonk_ecumenical_altar_dog_temple, basic_altar,
          minmay_octomino_e4, uniq_terence
D:3:      layout_loops_ring, serial_shops, nicolae_diamond_shop,
          wad_rectangle_vault, uniq_ijyb, uniq_jessica, uniq_robin

Skill      XL: |  1  2  3  4 |
---------------+-------------+-----
Fire Magic     | 3 4 |  4.2
Dodging        | |  1.7
Stealth        | |  1.7
Spellcasting   | |  2.9
Conjurations   | |  1.9

Action                   |  1- 3 |  4- 6 || total
-------------------------+-------+-------++-------
Melee: Hand axe          |    54 |    21 ||    75
 Cast: Foxfire           |    58 |    31 ||    89
       Scorch            |       |     5 ||     5
  Use: Scroll            |     4 |       ||     4
       Potion            |       |     1 ||     1
 Stab: Sleeping          |     1 |       ||     1
Armor: Robe              |    25 |     7 ||    32
Dodge: Dodged            |    51 |    20 ||    71

Table legend: (Time is in decaauts)
 A = Elapsed time spent in this place.
 B = Non-inter-level travel time spent in this place.
 C = Inter-level travel time spent in this place.
 D = Time resting spent in this place.
 E = Time spent auto-exploring this place.
 F = Levels seen in this place.
 G = Mean time per level.
                   A        B        C        D        E       F      G
               +--------+--------+--------+--------+--------+-----+--------+
         Total |   3201 |   3073 |    128 |   1087 |   1420 |   3 | 1067.0 |
       Dungeon |   3201 |   3073 |    128 |   1087 |   1420 |   3 | 1067.0 |
               +--------+--------+--------+--------+--------+-----+--------+

Top non-repeatable levels by time:
     D:1: 1784 daAuts
     D:2: 1335 daAuts
     D:3: 81 daAuts
